 Dungeon Crawl Stone Soup version 0.25-a0-201-g0bb11aece9 (webtiles) character file.

Game seed: 16990344578497931622, levelgen mode: deterministic

403 MisterFreud the Ducker (level 6, -2/43 HPs)
             Began as an Octopode Artificer on Dec 2, 2019.
             Slain by a sky beast (4 damage)
             ... on level 5 of the Dungeon.
             The game lasted 00:08:16 (4509 turns).

MisterFreud the Ducker (Octopode Artificer)         Turns: 4509, Time: 00:08:17

Health: -2/43      AC:  1    Str: 11    XL:     6   Next: 86%
Magic:  8/8        EV: 16    Int: 16    God:
Gold:   68         SH:  0    Dex: 12    Spells: 5/5 levels left

rFire    + . .     SeeInvis .   y - +1 rapier (venom)
rCold    . . .     Gourm    .   (no shield)
rNeg     . . .     Faith    .   (helmet restricted)
rPois    .         Spirit   .   (no amulet)
rElec    .         Reflect  .   v - ring of protection from fire
rCorr    .         Harm     .   x - ring of teleportation (curse)
MR       .....     Rnd*Tele +   (no ring)
Stlth    +++.......             (no ring)
HPRegen  0.14/turn              (no ring)
MPRegen  0.11/turn              (no ring)
                                (no ring)
                                (no ring)

@: no status effects
A: almost no armour, stealthy swim, amphibious, 8 rings, constrict 8, camouflage
1, gelatinous body 1
a: no special abilities


You were on level 5 of the Dungeon.
You were not hungry.

You visited 1 branch of the dungeon, and saw 5 of its levels.

You collected 305 gold pieces.
You spent 237 gold pieces at shops.

Inventory:

Hand Weapons
 a - a +0 short sword
 g - a +0 rapier
 l - a +0 morningstar
 y - a +1 rapier of venom (weapon)
Missiles
 i - 69 stones (quivered)
 j - 20 bolts
 k - 3 boomerangs
 n - 31 sling bullets
 t - 23 arrows
Jewellery
 v - a ring of protection from fire (left tentacle)
 x - a cursed ring of teleportation (right tentacle)
Wands
 b - a wand of flame (51)
 c - a wand of enslavement (15)
 d - a wand of random effects (12)
 w - a wand of scattershot (5)
Scrolls
 e - 2 scrolls of magic mapping
 h - a scroll of amnesia
 m - a scroll of fog
 q - a scroll of blinking
 r - 4 scrolls of teleportation
 s - a scroll of fear
 z - 3 scrolls of remove curse
Potions
 o - a potion of heal wounds
 p - a potion of flight
 u - a potion of brilliance
 A - 3 potions of haste
 B - 2 potions of might {unknown}
Comestibles
 f - 10 rations
 C - 2 chunks of flesh


   Skills:
 - Level 4.0 Fighting
 - Level 1.0 Short Blades
 + Level 5.8 Dodging
 - Level 1.3 Stealth
 - Level 3.2 Evocations


You had 5 spell levels left.
You didn't know any spells.
Your spell library was empty.

Dungeon Overview and Level Annotations

Branches:
Dungeon (5/15)
 Temple: D:4-7

Altars:
The Shining One

Shops:
D:4 ?(?


Innate Abilities, Weirdness & Mutations

You cannot wear most types of armour.
You are very stealthy in the water. (Stealth+)
You are amphibious.
You can wear up to eight rings at the same time.
You can use your tentacles to constrict eight enemies at once.
Your skin changes colour to match your surroundings (Stealth+).
Your rubbery body absorbs attacks. (AC +1, EV +1)


Message History

Aiming: Random Effects
Press: ? - help, Shift-Dir - straight line, f - you That beam is likely to hit you.
Continue anyway?
Okay, then.
A sky beast appears from thin air!
Reactivating autopickup.
Evoke which item? (* to show all) (? for menu, Esc to quit)
Aiming: Random Effects
Press: ? - help, Shift-Dir - straight line, f - sky beast
Aim: a sky beast The sky beast seems to speed up.
The sky beast flickers out of sight!
Deactivating autopickup; reactivate with Ctrl-A.
Something hits you.
* * * LOW HITPOINT WARNING * * *
Something shocks you.
* * * LOW HITPOINT WARNING * * *
A sky beast appears from thin air!
Reactivating autopickup.
The sky beast hits you.
You die...

##...#.# #.....#.#.#...#
......## ######§.§.....#
....).# ### #§.#.#..#####
......#######.###..#.........
............... #..#.########
......#######.# #..#.#
......# ##.###§.#.#
......######...##Y.#.#
.#.##...........@....#
.#.##.#....#...###.#>#
..............####.#.#
#####.####.........#.# #.#
####........# ..# ##########
####


You could see a sky beast.

Vanquished Creatures
  An ogre (D:5)
  An orc priest (D:4)
  A hound (D:5)
  An iguana (D:5)
  An orc wizard (D:3)
  3 worker ants
  4 adders
  3 oozes
  2 adder skeletons
  2 worms (D:3)
  A leopard gecko (D:5)
  6 orcs
  A ball python (D:3)
  9 giant cockroaches
  5 goblins
  8 hobgoblins
  3 jackals (D:1)
  6 kobolds
  2 quokkas (D:2)
  5 bats
  3 frilled lizards
  A leopard gecko skeleton (D:4)
  4 rats
73 creatures vanquished.

Notes
Turn   | Place    | Note
-------+----------+-------------------------------------------
     0 | D:1      | MisterFreud the Octopode Artificer began the quest for the
                  | Orb.
     0 | D:1      | Reached XP level 1. HP: 13/13 MP: 3/3
   390 | D:1      | Reached XP level 2. HP: 16/19 MP: 4/4
   935 | D:1      | Reached XP level 3. HP: 25/25 MP: 5/5
  1513 | D:2      | Found a glowing golden altar of the Shining One.
  1897 | D:3      | Reached XP level 4. HP: 28/33 MP: 6/6
  2562 | D:4      | Found Viopuc's Weapon Shoppe.
  2632 | D:4      | Found Wyferitu's Magic Scroll Boutique.
  2635 | D:4      | Bought a scroll of blinking for 90 gold pieces
  2635 | D:4      | Bought a scroll of teleportation for 36 gold pieces
  2635 | D:4      | Bought a scroll of teleportation for 36 gold pieces
  2635 | D:4      | Bought a scroll of fear for 42 gold pieces
  2847 | D:4      | Reached skill level 3 in Dodging
  2847 | D:4      | Reached XP level 5. HP: 33/37 MP: 7/7
  3299 | D:4      | Found Bexisuih's Magic Scroll Boutique.
  3313 | D:4      | Bought a scroll of teleportation for 33 gold pieces
  3398 | D:4      | Reached skill level 4 in Dodging
  3716 | D:3      | Reached XP level 6. HP: 43/43 MP: 8/8
  4011 | D:5      | Entered Level 5 of the Dungeon
  4059 | D:5      | Noticed an ice beast
  4134 | D:5      | Reached skill level 5 in Dodging
  4460 | D:5      | Noticed a sky beast
  4507 | D:5      | HP: 2/43 [something (5)]
  4509 | D:5      | Slain by a sky beast

Levels and vault maps discovered:
D:1:      roderic_octagonal_star, layout_basic, chequers_big_river
D:2:      layout_rooms, tso_altar
D:3:      layout_rooms
D:4:      layout_basic, serial_shops, nicolae_shop_trees, kennysheep_mini_moat,
          shop, first_ration
D:5:      layout_loops_ring, minmay_manual_mullet

Skill      XL: |  1  2  3  4  5  6 |
---------------+-------------------+-----
Fighting       | 2 3 4 |  4.0
Dodging        | 3 4 5 |  5.8
Short Blades   | |  1.0
Stealth        | |  1.3
Evocations     | |  3.2

Action                   |  1- 3 |  4- 6 || total
-------------------------+-------+-------++-------
Melee: Short sword       |    68 |       ||    68
       Constrict         |    23 |    20 ||    43
       Tentacles         |     9 |    18 ||    27
       Rapier            |    28 |    61 ||    89
       Morningstar       |       |    29 ||    29
Evoke: Wand              |       |     8 ||     8
  Use: Scroll            |    10 |     6 ||    16
 Stab: Sleeping          |     6 |     7 ||    13
       Distracted        |     1 |     1 ||     2
  Eat: Chunk             |     3 |     8 ||    11
Armor: Skin              |     7 |     4 ||    11
Dodge: Dodged            |    62 |    57 ||   119

Table legend:
 A = Non-vault XP
 B = Vault XP
 C = Vault XP percentage of total XP
 D = Non-vault monster count
 E = Vault monster count
 F = Vault count percentage of total count
                 A         B        C        D         E       F
            +---------+---------+-------+---------+---------+-------
      Total |     577 |       0 |   0.0 |      73 |       0 |   0.0
            +---------+---------+-------+---------+---------+-------
        D:1 |      34 |       0 |   0.0 |      16 |       0 |   0.0
        D:2 |      22 |       0 |   0.0 |      12 |       0 |   0.0
        D:3 |     124 |       0 |   0.0 |      27 |       0 |   0.0
        D:4 |     154 |       0 |   0.0 |      11 |       0 |   0.0
        D:5 |     243 |       0 |   0.0 |       7 |       0 |   0.0
            +---------+---------+-------+---------+---------+-------
